 Dungeon Crawl Stone Soup version 0.29.1-12-g30fa7ad0bf (webtiles) character file.

Game seed: 7058511586169674265

1 hawla the Chiller (level 1, -5/14 HPs)
             Began as a Meteoran Ice Elementalist on Dec 26, 2022.
             Slain by Terence
             ... wielding a +0 trident
              (11 damage)
             ... on level 2 of the Dungeon.
             The game lasted 00:01:47 (162 turns).

hawla the Chiller (Meteoran Ice Elementalist)        Turns: 162, Time: 00:01:48

Health: -5/14      AC:  2    Str:  9    XL:     1   Next: 28%
Magic:  5/5        EV: 12    Int: 16    God:
Gold:   18         SH:  0    Dex: 14    Spells: 4/5 levels left

rFire   . . .      SeeInvis .   (no weapon)
rCold   . . .      Faith    .   (no shield)
rNeg    . . .      Spirit   .   a - +0 robe
rPois   .          Reflect  .   (no helmet)
rElec   .          Harm     .   (no cloak)
rCorr   .          Rampage  .   (no gloves)
Will    .....                   (no boots)
Stlth   +.........              (no amulet)
HPRegen 0.04/turn               (no ring)
MPRegen 0.09/turn               (no ring)

@: glowing
A: sense surroundings 1, otherworldly, glowing, explore regen
a: no special abilities


You were on level 2 of the Dungeon.
You visited 1 branch of the dungeon, and saw 2 of its levels.

You collected 18 gold pieces.

Inventory:

Armour
 a - a +0 robe (worn)
Potions
 b - a potion of magic


   Skills:
 + Level 2.5 Dodging
 - Level 1.4 Stealth
 + Level 2.6 Spellcasting
 + Level 4.4 Ice Magic


You had 4 spell levels left.
You knew the following spells:

 Your Spells              Type           Power      Damage    Failure   Level
a - Freeze                Ice            64%        1d8       3%          1

Your spell library contained the following spells:

 Spells                   Type           Power      Damage    Failure   Level
 Frozen Ramparts          Ice            32%        1d5       10%         3
 Ozocubu's Armour         Ice            16%        N/A       10%         3
 Hailstorm                Conj/Ice       9%         3d4       61%         4


Dungeon Overview and Level Annotations

Branches:
Dungeon (2/15) Zot: 1037

Altars:

Annotations:
D:2 Terence


Innate Abilities, Weirdness & Mutations

You passively map a small area around you.
You are easily found by Zot.
You glow in the dark.
You regain HP and MP as you explore.


Message History

The giant cockroach closely misses you.
You see here a scroll labelled JAPNUG LISTRE.
Really walk into that teleport trap?
The giant cockroach attacks as you move away!
The giant cockroach barely misses you.
You enter a teleport trap!
The teleport trap disappears.
Your surroundings suddenly seem different.
Found 11 gold pieces.
Found a stone staircase leading down.
You now have 18 gold pieces (gained 11).
A frilled lizard comes into view.
Found an escape hatch in the floor.
The frilled lizard hisses angrily.
You barely miss the frilled lizard. The frilled lizard bites you.
Casting: Freeze (safe; 3% risk of failure)
Confirm with . or Enter, or press ? or * to list all spells.
Aiming: Freeze (safe; 3% risk of failure)
Press: ? - help, Shift-Dir - straight line, f - frilled lizard
Aim: a frilled lizard You freeze the frilled lizard.
You kill the frilled lizard!
You open the door.
There is an open door here.
Magic restored.
HP restored.
You open the door.
There is an open door here.
You open the door.
Terence is nearby!
You close the door.
Terence the Incautious opens the door.
He is wielding a +0 trident.
There is an open door here.
Terence closely misses you. Terence barely misses you.
Terence hits you from afar with a +0 trident!
Ouch! That really hurt!
You open the door.
Terence hits you from afar with a +0 trident!
Ouch! That really hurt!
You die...

,,.........# #.# **###+##...#
**#######.## ##.##...##
*,.........# ** #........#
**,.........# ,* #........#
*+,.........# ,* #........#
**,.........# ,* #........#
*,.........# **
#........######..........#****
##.........@.@'...>......+,,,,
##############..........#****
**######....,,,, *****
*,******* *,,,* *,* *
********,*,* *,* *
,,,,,,,,,*,* *,*******
**********,* *,,,,,,,, *,*
*********


You could see Terence.

Vanquished Creatures
  A ball python (D:2)
  A frilled lizard (D:2)
2 creatures vanquished.

Notes
Turn   | Place    | Note
-------+----------+-------------------------------------------
     0 | D:1      | hawla the Meteoran Ice Elementalist began the quest for the
                  | Orb.
     0 | D:1      | Reached XP level 1. HP: 14/14 MP: 5/5
    15 | D:2      | Noticed Terence
   162 | D:2      | Slain by Terence

Illustrated notes

Levels and vault maps discovered:
D:1:      amcnicky_arrival_blooded_trapdoor, layout_loops_ring,
          hellmonk_ecumenical_altar_run_dry
D:2:      layout_basic, uniq_terence

Action                   || total
-------------------------++-------
Melee: Unarmed           ||     1
 Cast: Freeze            ||     3
  Use: Scroll            ||     1
Armor: Robe              ||    13
Dodge: Dodged            ||    17
